 Dungeon Crawl Stone Soup version 0.20-a0-689-g860b9ab (webtiles) character file.

149 Alarkh the Digger (level 5, 28/28 HPs)
             Began as a Gargoyle Earth Elementalist on Feb 18, 2017.
             Quit the game on level 3 of the Dungeon on Feb 19, 2017.
             The game lasted 00:04:10 (2010 turns).

Alarkh the Digger (Gargoyle Earth Elementalist)     Turns: 2010, Time: 00:04:11

Health: 28/28      AC:  6    Str: 12    XL:     5   Next: 31%
Magic:  8/10       EV: 11    Int: 16    God:
Gold:   84         SH:  0    Dex: 10    Spells: 8/11 levels left

rFire    . . .     SeeInvis .   l - -3 short sword (curse)
rCold    . . .     Gourm    .   c - +0 robe
rNeg     + . .     Faith    .   (no shield)
rPois    ∞         Spirit   .   (no helmet)
rElec    +         Reflect  .   (no cloak)
rCorr    .         Harm     .   (no gloves)
MR       .....                  (no boots)
Stlth    ++........             (no amulet)
Regen    0.1/turn               (no ring)
MPRegen  0.2/turn               a - ring of wizardry

@: drained
A: negative energy resistance 1, electricity resistance, unbreathing,
petrification resistance, rot immunity, AC +4
a: no special abilities


You were on level 3 of the Dungeon.
You were not hungry.

You visited 1 branch of the dungeon, and saw 3 of its levels.

You collected 84 gold pieces.

Inventory:

Hand Weapons
 l - a cursed -3 short sword (weapon)
Missiles
 b - 60 stones (quivered)
Armour
 c - a +0 robe (worn)
Jewellery
 a - a ring of wizardry (left hand)
 i - an uncursed amulet of harm
Scrolls
 e - a scroll of identify
 m - a scroll of enchant armour
 p - a scroll of enchant weapon {unknown}
 q - 2 scrolls of remove curse {unknown}
 s - 2 scrolls of amnesia
 t - a scroll of fog {unknown}
 u - a scroll of fear
Potions
 f - a potion of heal wounds
 h - a potion of magic
 k - a potion of degeneration {unknown}
 n - 3 potions of mutation {unknown}
 r - 2 potions of flight {unknown}
Books
 o - a book of Geomancy

   Spells                             Type                      Level
   a - Sandblast                      Earth                        1
   b - Passwall                       Transmutation/Earth          2
   c - Stone Arrow                    Conjuration/Earth            3
   d - Petrify                        Transmutation/Earth          4
   e - Lee's Rapid Deconstruction     Earth                        5
Comestibles
 d - 2 bread rations
 g - 4 fruits
 j - a meat ration
 v - 2 chunks of flesh


   Skills:
 - Level 1.5(0.8) Dodging
 - Level 2.1(1.5) Stealth
 + Level 3.7(3.0) Spellcasting
 - Level 0.7(0.0) Transmutations
 + Level 5.5(4.8) Earth Magic


You had 8 spell levels left.
You knew the following spells:

 Your Spells              Type           Power        Failure   Level  Hunger
a - Sandblast             Erth           ###...       1%          1    #......
b - Passwall              Tmut/Erth      ##........   4%          2    ##.....


Dungeon Overview and Level Annotations

Branches:
Dungeon (3/15)

Altars:
Fedhas


Innate Abilities, Weirdness & Mutations

You are resistant to torment.
Your stone body is resilient. (AC +4)
You are immune to poison.
You resist negative energy. (rN+)
You are resistant to electric shocks. (rElec)
You can survive without breathing.
You are immune to petrification.
You are immune to rotting.


Message History

The blast of sand hits the worm.
You kill the worm!
b - 60 stones
Casting: Sandblast
Confirm with . or Enter, or press ? or * to list all spells.
You can't see any susceptible monsters within range! (Use Z to cast anyway.)
v - 2 chunks of flesh
e - 3 scrolls of identify (gained 1)
A kobold comes into view.
Found a glowing dagger.
A kobold is nearby!
As you read the scroll of identify, it crumbles to dust.
m - a scroll of enchant armour
As you read the scroll of identify, it crumbles to dust.
f - a potion of heal wounds
Okay, then.
Saving game... please wait.
Welcome back, Alarkh the Gargoyle Earth Elementalist.
Press ? for a list of commands and other information.
Are you sure you want to abandon this character and quit the game? (Confirm with "yes".)

###'######.#.##.K##.#.####..#
...........#.##..# .#.# #..#
###'####.#.#.##..# ...# #..#
.##÷##..##.#.##..# #..# #..#
#.....## #.#.##..# ..# #..#
###.### #.#.##..# #..#
.##.######.#.##..#
.#..#............# ###
....#.####.#.###@##....
+##.#.####+#............
#.#.............#.....
...##............##...
...##............# ..
...##.............#
..##..............#
#..............#
#.....>.........


There were no monsters in sight!

Vanquished Creatures
  3 gnolls (D:3)
  4 adders
  3 oozes
  2 worms
  A dart slug (D:2)
  An orc (D:1)
  6 bats
  3 giant cockroaches
  7 goblins
  11 hobgoblins
  4 jackals (D:3)
  2 quokkas
  3 frilled lizards (D:2)
  4 kobolds (D:1)
  8 rats
62 creatures vanquished.

Notes
Turn   | Place    | Note
-------+----------+-------------------------------------------
     0 | D:1      | Alarkh the Gargoyle Earth Elementalist began the quest for the Orb.
     0 | D:1      | Reached XP level 1. HP: 10/10 MP: 3/3
   126 | D:1      | Reached XP level 2. HP: 2/15 MP: 0/5
   336 | D:1      | Learned a level 2 spell: Passwall
   422 | D:1      | Reached skill level 4 in Earth Magic
   523 | D:1      | Reached XP level 3. HP: 9/19 MP: 1/7
  1053 | D:2      | Reached XP level 4. HP: 23/24 MP: 4/8
  1223 | D:2      | Reached skill level 5 in Earth Magic
  1247 | D:2      | Found a blossoming altar of Fedhas.
  1674 | D:3      | Reached XP level 5. HP: 26/28 MP: 0/10
  2009 | D:3      | Upgraded the game from 0.20-a0-681-gf83e07f to 0.20-a0-689-g860b9ab
  2010 | D:3      | Quit the game

Vault maps used:
D:1:      doesnt_arrival_goblin_jail
D:2:      fedhas_altar_4, hex_medium
D:3:      minmay_misc_feat_secret_circle, nrook_mini_vaults, interstate_on_off

Skill      XL: |  1  2  3  4 |
---------------+-------------+-----
Earth Magic    | 4 5 |  5.5
Spellcasting   | 3 |  3.7
Dodging        | |  1.5
Stealth        | |  2.1
Transmutations | |  0.7

Action                   |  1- 3 |  4- 6 || total
-------------------------+-------+-------++-------
Melee: Unarmed           |    55 |       ||    55
       Short sword       |    17 |    13 ||    30
 Cast: Sandblast         |    40 |    48 ||    88
  Use: Scroll            |     5 |     2 ||     7
  Eat: Chunk             |     1 |     4 ||     5
Armor: Robe              |    31 |    17 ||    48
Dodge: Dodged            |    68 |    24 ||    92
